details: 'sephi fails rice rush and rages'

« prev index next »

General information

Mini Map

Players

team 1
Humansirdowen (blue | 32 APM | 154 actions | 04:48)
Hero icon 1 Mountain King
Ability icon 1 Storm Bolt

» actions
Build / train18
Enter build submenu14
Enter hero's abilities submenu1
Right click49
Select / deselect56
Use ability16
154 total
» units
Peasant11
Rifleman4
15 total
» buildings
Farm4
Altar of Kings1
Blacksmith1
Barracks1
Lumber Mill1
Scout Tower3
Arcane Vault1
Keep1
13 total
» build order
00:23 Farm
00:37 Altar of Kings
01:05 Farm
01:09 Blacksmith
01:50 Farm
01:58 Barracks
02:32 Lumber Mill
02:48 Scout Tower
02:52 Arcane Vault
03:37 Scout Tower
03:46 Scout Tower
04:46 Farm
04:48 Keep
NightElfAlchemie (orange | 55 APM | 267 actions | 04:49)
Hero icon 1 Goblin Alchemist
Ability icon 1 Chemical Rage

» actions
Assign group hotkey12
Basic commands8
Build / train20
Enter build submenu8
Enter hero's abilities submenu1
Remove unit from queue2
Right click102
Select / deselect94
Select group hotkey7
Use ability13
267 total
» units
Wisp10
Archer5
15 total
» buildings
Moon Well3
Altar of Elders1
Ancient of War2
Tree of Ages1
Hunter's Hall1
8 total
» build order
00:10 Moon Well
00:37 Altar of Elders
01:01 Ancient of War
01:43 Ancient of War
03:08 Moon Well
03:11 Tree of Ages
03:41 Moon Well
03:45 Hunter's Hall
Random» OrcGrunt4.0 (purple | 53 APM | 256 actions | 04:48)
Hero icon 1 Blademaster
Ability icon 1 Wind Walk

» actions
Assign group hotkey9
Basic commands7
Build / train19
Enter build submenu5
Enter hero's abilities submenu1
Right click89
Select / deselect37
Select group hotkey73
Use ability16
256 total
» units
Peon8
Grunt3
11 total
» buildings
Altar of Storms1
Orc Burrow2
Voodoo Lounge1
Barracks1
Stronghold1
6 total
» build order
00:04 Altar of Storms
00:12 Orc Burrow
00:35 Voodoo Lounge
01:15 Barracks
02:28 Orc Burrow
04:45 Stronghold
» items
Healing Salve2
Lesser Clarity Potion2
Scroll of Speed1
5 total
Humanonedarkone (teal | 33 APM | 158 actions | 04:48)
Hero icon 1 Archmage
Ability icon 1 Summon Water Elemental

» actions
Build / train16
Enter build submenu10
Enter hero's abilities submenu1
Right click58
Select / deselect59
Use ability14
158 total
» units
Peasant7
Footman4
Rifleman2
13 total
» buildings
Farm5
Altar of Kings1
Barracks1
Arcane Vault1
Blacksmith1
Lumber Mill1
10 total
» build order
00:11 Farm
00:15 Altar of Kings
00:19 Barracks
00:53 Farm
01:36 Farm
02:12 Arcane Vault
03:23 Blacksmith
03:39 Farm
04:06 Lumber Mill
04:48 Farm
» items
Lesser Clarity Potion1
1 total
team 2
HumanNewbs (red | 32 APM | 40 actions | 01:14)

» actions
Build / train9
Enter build submenu2
Right click6
Select / deselect19
Use ability4
40 total
» units
Peasant9
9 total
» buildings
Lumber Mill1
Farm1
2 total
» build order
00:22 Lumber Mill
01:07 Farm
UndeadTakeOverMe (pink | 70 APM | 299 actions | 04:15)
Hero icon 1 Death Knight
Ability icon 1 Death Coil

» actions
Assign group hotkey62
Build / train21
Enter build submenu6
Enter hero's abilities submenu1
Right click157
Select / deselect43
Select group hotkey2
Use ability7
299 total
» units
Acolyte2
Ghoul4
Crypt Fiend9
15 total
» buildings
Altar of Darkness1
Ziggurat2
Crypt1
Graveyard1
Tomb of Relics1
Halls of the Dead1
7 total
» build order
00:14 Altar of Darkness
00:19 Ziggurat
00:40 Crypt
01:03 Graveyard
01:17 Tomb of Relics
01:32 Ziggurat
03:54 Halls of the Dead
» items
Rod of Necromancy2
2 total
HumanSephi (green | 48 APM | 229 actions | 04:44)

» actions
Assign group hotkey3
Basic commands5
Build / train16
Enter build submenu7
Remove unit from queue1
Right click104
Select / deselect67
Select group hotkey16
Use ability10
229 total
» units
Peasant10
10 total
» upgrades
Masonry1
1 total
» buildings
Lumber Mill1
Scout Tower4
Guard Tower4
Altar of Kings1
Farm1
11 total
» build order
00:04 Lumber Mill
00:56 Scout Tower
00:57 Scout Tower
01:15 Guard Tower
01:20 Scout Tower
01:26 Guard Tower
01:51 Guard Tower
02:01 Scout Tower
02:28 Guard Tower
04:14 Altar of Kings
04:17 Farm
NightElfganymede (yellow | 72 APM | 345 actions | 04:48)
Hero icon 1 Keeper of the Grove
Ability icon 1 Entangling Roots

» actions
Assign group hotkey6
Basic commands19
Build / train20
Enter build submenu6
Enter hero's abilities submenu3
Right click163
Select / deselect77
Select group hotkey37
Use ability14
345 total
» units
Wisp10
Archer5
15 total
» buildings
Altar of Elders1
Moon Well3
Ancient of War1
Ancient of Wonders1
Tree of Ages1
7 total
» build order
00:21 Altar of Elders
00:38 Moon Well
00:57 Ancient of War
01:43 Moon Well
02:16 Ancient of Wonders
02:21 Moon Well
03:38 Tree of Ages
» items
Dust of Appearance1
Lesser Clarity Potion1
2 total

Chat log

(00:57 / Allies) sirdowen: damn
(01:18 / Allies) Alchemie: lumber
(01:30 / Allies) sirdowen: no lumber man
(01:59 / Allies) Alchemie: got aow
(02:01 / Allies) Alchemie: but might die
(02:06 / Allies) Grunt4.0: repair
(02:15 / Allies) sirdowen: biuld behind man
(02:17 / Allies) Grunt4.0: otw

(03:47 / Allies) Grunt4.0: gogog
(04:21 / All) Alchemie: TAKE ON ME
(04:23 / All) Alchemie: TAKE ME ON
(04:30 / All) Alchemie: DO DODOD ODDOOOOOO
(04:38 / All) Sephi: I was until we had less players and your allies savedyou you lucky prick
(04:40 / All) Sephi: lol
(04:43 / All) Alchemie: lol